Map: New Repugnancy LE

Players

hinO - Winner!

  • Race: Zerg Zerg
  • Spawn Location: 1:00

MilkiCow

  • Race: Terran Terran
  • Spawn Location: 7:00

Event: 2019 WCS Summer

VOD

Have the link to the VOD?

Description

Time

  • Played on: July 12, 2019, 8:03 a.m.
  • Length: 21:14

All games in this series

Show
View Real Time Build Order
Export as new Build Order

hinO Zerg - Winner!

Build Orders: Pool First, Brood Lord Corruptor 

Get SALT Encoding   

  12  0:00  Drone  
  13  0:15  Overlord  
  13  0:18  Drone  
  14  0:33  Drone x2  
  16  0:42  Spawning Pool  
  15  0:45  Drone  
  17  0:50  Drone  
  17  1:11  Hatchery  
  16  1:14  Drone  
  16  1:16  Extractor  
  16  1:29  Zergling x4  
  16  1:30  Zergling x2  
  19  1:37  Queen  
  21  1:41  Drone  
  22  1:55  Overlord  
  22  2:13  Drone  
  24  2:15  Drone  
  24  2:18  Metabolic Boost  
  24  2:23  Queen  
  24  2:25  Drone x2  
  28  2:33  Drone  
  28  2:40  Drone  
  29  2:45  Drone x2  
  29  2:59  Drone x2, Hatchery  
  30  3:06  Drone x2  
  30  3:12  Pneumatized Carapace  
  32  3:16  Overlord  
  32  3:17  Drone  
  32  3:18  Drone  
  34  3:22  Drone  
  34  3:24  Drone  
  36  3:34  Queen  
  36  3:36  Zergling x4  
  36  3:37  Zergling x4  
  36  3:41  Overlord  
  42  3:49  Drone  
  42  3:50  Drone  
  44  3:57  Queen  
  44  3:58  Spore Crawler x2  
  44  3:59  Drone  
  45  4:05  Drone  
  45  4:09  Drone  
  47  4:10  Queen  
  47  4:15  Queen  
  51  4:18  Drone  
  51  4:20  Spore Crawler  
  51  4:24  Drone  
  51  4:26  Spore Crawler  
  51  4:27  Zergling x2  
  51  4:28  Zergling x6  
  55  4:31  Overlord  
  55  4:38  Queen  
  58  4:45  Drone  
  58  4:49  Queen  
  58  4:51  Overlord x2  
  60  4:53  Drone  
  63  5:01  Overlord  
  63  5:02  Drone x3  
  64  5:11  Overlord x2  
  64  5:12  Zergling x2  
  64  5:13  Zergling x4  
  66  5:15  Drone x2  
  66  5:16  Drone  
  70  5:21  Drone x4  
  70  5:22  Drone  
  70  5:28  Lair  
  74  5:32  Overlord x2  
  74  5:33  Drone  
  75  5:36  Zergling x4  
  77  5:47  Zergling x4  
  77  5:48  Zergling x4  
  79  5:52  Roach Warren  
  79  5:53  Drone x3  
  79  5:55  Extractor  
  79  5:56  Drone x2  
  79  5:57  Drone, Evolution Chamber x2  
  81  6:06  Drone, Extractor x2  
  78  6:11  Drone x2  
  78  6:12  Drone  
  78  6:13  Drone x2  
  78  6:14  Drone x2  
  78  6:16  Hatchery  
  78  6:17  Extractor  
  78  6:18  Drone, Extractor  
  80  6:21  Drone x3  
  78  6:31  Spire  
  76  6:32  Roach  
  76  6:33  Roach x2  
  76  6:34  Drone x2  
  76  6:35  Drone  
  83  6:41  Roach x2  
  83  6:42  Roach  
  83  6:45  Drone  
  83  6:46  Drone x3  
  93  6:49  Drone  
  93  6:54  Glial Reconstitution  
  94  6:55  Roach x2  
  94  6:56  Overlord  
  94  6:57  Drone  
  94  6:58  Drone  
  100  7:04  Roach  
  101  7:10  Drone x2  
  101  7:13  Drone x2  
  101  7:15  Overlord  
  105  7:17  Zerg Missile Weapons Level 1  
  105  7:18  Drone  
  105  7:19  Drone x6  
  112  7:26  Overlord x2  
  112  7:35  Hydralisk Den  
  111  7:43  Drone x3  
  114  7:46  Mutalisk x3  
  114  7:47  Mutalisk x3  
  114  7:48  Mutalisk  
  114  7:49  Extractor  
  114  7:51  Drone x2, Extractor  
  127  7:57  Zergling x10  
  131  8:05  Zerg Ground Armor Level 1, Grooved Spines  
  131  8:07  Zergling x6, Roach  
  131  8:08  Zergling x4  
  138  8:17  Hydralisk x3  
  144  8:20  Overlord x3  
  144  8:25  Infestation Pit  
  144  8:26  Overlord x2  
  143  8:30  Zergling x2  
  143  8:34  Overlord  
  142  8:41  Mutalisk x4  
  142  8:49  Drone x2  
  142  8:51  Hydralisk x6  
  156  9:01  Overlord x2  
  156  9:02  Hive  
  156  9:03  Drone x2  
  156  9:07  Spine Crawler  
  156  9:08  Spine Crawler  
  156  9:11  Hydralisk x3  
  156  9:15  Hydralisk  
  164  9:23  Hydralisk x4  
  157  9:28  Zergling x8  
  157  9:29  Zergling x2  
  158  9:33  Hydralisk x2  
  152  9:42  Drone x2  
  152  9:43  Drone  
  153  9:47  Evolution Chamber  
  153  9:48  Evolution Chamber  
  153  9:49  Evolution Chamber  
  153  9:52  Drone  
  151  9:54  Hydralisk x3  
  157  10:05  Hatchery  
  152  10:09  Hydralisk x7  
  152  10:12  Ravager  
  163  10:23  Viper x3  
  163  10:25  Zerg Missile Weapons Level 2  
  163  10:27  Muscular Augments  
  172  10:38  Zerg Ground Armor Level 2  
  172  10:39  Hydralisk  
  172  10:40  Zergling x2  
  172  10:41  Zergling x14, Hatchery  
  181  10:46  Hydralisk x3  
  181  10:48  Hydralisk  
  189  10:52  Overseer  
  187  11:00  Roach x6  
  198  11:04  Drone x2  
  198  11:06  Drone  
  198  11:08  Drone x2  
  198  11:09  Drone x2  
  198  11:11  Drone x2  
  201  11:21  Overlord x2  
  201  11:26  Greater Spire  
  201  11:29  Spine Crawler  
  200  11:33  Spine Crawler  
  199  11:42  Zergling x2  
  199  11:47  Evolution Chamber  
  199  11:50  Evolution Chamber  
  190  11:54  Corruptor  
  190  11:55  Overseer  
  190  11:57  Hydralisk  
  190  11:58  Hydralisk x4  
  166  12:17  Roach  
  166  12:18  Roach x15  
  173  12:28  Viper x3  
  172  12:31  Hydralisk  
  172  12:32  Hydralisk x8  
  172  12:33  Zergling x2  
  185  12:40  Brood Lord  
  187  12:48  Viper  
  190  12:52  Corruptor  
  192  13:00  Drone x2  
  194  13:10  Extractor  
  190  13:12  Extractor  
  190  13:17  Drone x3  
  190  13:18  Drone x3  
  195  13:21  Corruptor x2  
  195  13:23  Zerg Flyer Weapons Level 1  
  195  13:24  Zerg Missile Weapons Level 3  
  199  13:32  Overlord x2  
  199  13:41  Zerg Melee Weapons Level 1  
  191  13:50  Corruptor x3  
  191  13:51  Brood Lord  
  189  14:01  Brood Lord x2  
  193  14:04  Overlord x2  
  193  14:05  Corruptor  
  195  14:17  Overlord x4  
  195  14:19  Overlord  
  195  14:21  Brood Lord  
  195  14:23  Overlord x2  
  188  14:26  Brood Lord x2  
  186  14:33  Corruptor  
  186  14:34  Corruptor x3  
  194  14:40  Corruptor x2  
  198  14:53  Hatchery  
  197  15:04  Corruptor x3  
  200  15:12  Spine Crawler  
  199  15:14  Spine Crawler  
  199  15:17  Zerg Flyer Armor Level 1  
  193  15:34  Roach x9  
  199  15:42  Corruptor x4  
  199  15:43  Zergling x2  
  188  16:01  Zerg Ground Armor Level 3  
  180  16:04  Roach x2  
  180  16:05  Roach x8  
  170  16:20  Roach x10  
  172  16:30  Roach x2  
  172  16:31  Roach x3  
  146  16:45  Roach x7  
  144  16:47  Viper  
  144  16:50  Viper  
  144  16:52  Viper  
  147  17:00  Drone x4  
  147  17:01  Hydralisk  
  147  17:08  Viper  
  152  17:16  Hydralisk x2  
  152  17:17  Hydralisk x2  
  160  17:25  Hydralisk x2  
  164  17:32  Hydralisk x3  
  170  17:40  Hydralisk  
  170  17:41  Hydralisk x3  
  178  17:47  Hydralisk x2  
  178  17:48  Hydralisk  
  178  17:50  Drone  
  178  17:51  Drone  
  183  17:52  Drone  
  183  17:54  Drone x2  
  183  17:56  Hydralisk  
  184  17:59  Hydralisk  
  184  18:02  Hydralisk  
  184  18:03  Hydralisk  
  190  18:06  Hydralisk  
  190  18:10  Hydralisk x2  
  196  18:17  Hydralisk x2  
  173  19:05  Viper x3  
  160  19:19  Hydralisk x9  
  160  19:20  Hydralisk x8  
  182  19:24  Queen x2  
  182  19:34  Hydralisk x6  
  174  19:47  Hydralisk x4  
  174  19:48  Hydralisk x2  
  174  19:52  Roach  
  178  19:58  Roach x3  
  178  19:59  Roach x2  
  182  20:05  Hydralisk x6  
  184  20:13  Hydralisk  
  174  20:16  Hydralisk x4  
  176  20:25  Hydralisk x6  
  188  20:30  Hydralisk  
  190  20:36  Hydralisk x3  
  194  20:44  Overseer x2  
  194  20:48  Hydralisk x3  
Show
View Real Time Build Order
Export as new Build Order

MilkiCow Terran 

Build Orders: Reaper Expand, Mech 

Get SALT Encoding   

  12  0:00  SCV  
  13  0:12  SCV  
  14  0:17  Supply Depot  
  14  0:25  SCV  
  15  0:39  Barracks, SCV  
  16  0:43  Refinery  
  16  0:51  SCV  
  17  1:03  SCV  
  18  1:15  SCV  
  19  1:27  Orbital Command, Reaper  
  20  1:43  Command Center  
  20  1:54  SCV  
  20  1:55  Supply Depot  
  20  1:59  Marine  
  21  2:06  SCV  
  22  2:12  Factory  
  22  2:17  Refinery  
  22  2:18  SCV  
  22  2:22  Barracks Reactor  
  23  2:30  SCV  
  24  2:42  SCV  
  23  2:54  SCV  
  23  2:57  Starport  
  24  3:03  Marine x2  
  24  3:05  Factory Tech Lab  
  26  3:06  SCV  
  27  3:14  Bunker  
  27  3:18  SCV  
  28  3:22  Orbital Command  
  28  3:30  SCV  
  28  3:31  Hellion  
  31  3:34  Hellion  
  33  3:43  SCV  
  33  3:47  Viking  
  37  3:48  SCV  
  37  3:55  SCV, Supply Depot  
  38  3:59  Hellion x2  
  38  4:00  SCV  
  43  4:07  SCV  
  44  4:12  SCV  
  44  4:17  Raven  
  43  4:19  SCV  
  43  4:21  Hellion x2  
  43  4:23  Supply Depot  
  50  4:24  SCV  
  52  4:31  SCV  
  52  4:36  SCV  
  53  4:43  SCV  
  54  4:47  Command Center  
  54  4:49  SCV  
  54  4:50  Hellion  
  59  4:53  Hellion  
  59  4:55  SCV  
  60  5:00  Refinery x2  
  60  5:01  SCV  
  60  5:04  Supply Depot  
  60  5:07  SCV  
  60  5:13  SCV  
  62  5:22  Factory  
  62  5:25  Hellion x2, SCV x2, Factory  
  68  5:28  Supply Depot  
  68  5:37  SCV x2  
  68  5:40  Armory  
  68  5:41  Armory  
  70  5:47  Hellion  
  70  5:50  Hellion  
  70  5:51  SCV x2  
  74  5:59  Supply Depot  
  74  6:00  Orbital Command  
  74  6:04  Factory  
  74  6:06  Factory  
  74  6:08  SCV  
  74  6:09  Cyclone  
  74  6:11  SCV  
  71  6:20  Factory Tech Lab, SCV  
  71  6:21  Mag-Field Accelerator  
  71  6:23  SCV  
  71  6:25  SCV  
  70  6:28  Hellion  
  70  6:32  SCV  
  71  6:38  Orbital Command, Terran Vehicle Weapons Level 1  
  71  6:39  Terran Vehicle And Ship Armor Level 1  
  71  6:43  SCV  
  74  6:47  Hellion  
  74  6:51  Supply Depot  
  74  6:52  Engineering Bay  
  74  6:54  Factory Tech Lab x2  
  74  6:56  Factory Reactor  
  74  6:57  SCV  
  74  6:59  Hellion  
  74  7:00  SCV  
  81  7:10  Siege Tank x2, SCV  
  81  7:11  SCV  
  81  7:12  SCV  
  81  7:14  Cyclone  
  88  7:18  Hellion  
  88  7:22  SCV  
  90  7:23  SCV  
  90  7:24  Supply Depot  
  90  7:25  Hellion  
  90  7:28  Supply Depot  
  93  7:33  SCV, Hellion  
  93  7:36  SCV  
  97  7:38  SCV  
  97  7:40  Refinery  
  97  7:41  Refinery  
  97  7:42  Supply Depot  
  97  7:43  Supply Depot  
  98  7:45  SCV, Cyclone  
  98  7:48  SCV  
  98  7:50  SCV, Hellion x2  
  106  7:58  Cyclone  
  106  7:59  SCV, Hellion  
  112  8:06  Cyclone  
  112  8:08  SCV  
  112  8:10  SCV  
  112  8:12  Hellion  
  119  8:15  Command Center  
  119  8:16  SCV  
  119  8:17  Cyclone  
  119  8:18  Hellion  
  123  8:20  SCV  
  123  8:22  SCV  
  125  8:28  SCV  
  125  8:29  Missile Turret x2  
  125  8:31  Missile Turret, Cyclone  
  114  8:36  SCV  
  114  8:38  SCV  
  114  8:40  SCV  
  110  8:49  Cyclone  
  110  8:50  SCV x2  
  110  8:53  Terran Vehicle Weapons Level 2  
  110  8:54  Terran Vehicle And Ship Armor Level 2, Missile Turret  
  118  8:57  SCV  
  118  8:59  Hellion x2  
  120  9:07  Factory x2  
  120  9:08  Factory  
  120  9:10  Cyclone  
  120  9:11  SCV  
  109  9:29  SCV  
  109  9:31  Hellion, Cyclone  
  108  9:32  SCV  
  108  9:37  SCV  
  104  9:40  Hellion x3  
  104  9:46  Hellion, Cyclone  
  104  9:50  SCV  
  104  9:51  Factory Tech Lab x3  
  110  9:53  Hellion  
  110  9:56  SCV  
  110  9:58  Refinery  
  110  9:59  Missile Turret  
  111  10:03  SCV, Cyclone  
  111  10:04  SCV  
  111  10:07  Cyclone  
  111  10:08  Hellion  
  111  10:12  SCV  
  111  10:14  Cyclone x3  
  121  10:16  Planetary Fortress  
  121  10:18  Cyclone  
  121  10:19  SCV  
  126  10:22  Hellion  
  128  10:30  SCV  
  128  10:32  SCV  
  128  10:33  SCV  
  128  10:35  Refinery, Cyclone  
  134  10:37  Infernal Pre-Igniter  
  134  10:39  Smart Servos  
  134  10:42  SCV, Cyclone  
  138  10:43  Hellion  
  138  10:44  SCV  
  138  10:45  Hellion  
  138  10:48  Cyclone  
  146  10:51  Supply Depot  
  146  10:52  Cyclone, Supply Depot  
  149  10:58  Cyclone  
  152  11:08  Cyclone  
  152  11:10  SCV x2  
  152  11:11  Widow Mine, Cyclone  
  154  11:12  SCV  
  154  11:13  Hellion  
  154  11:14  Hellion  
  154  11:17  Supply Depot  
  161  11:20  Supply Depot  
  161  11:21  Cyclone  
  164  11:26  SCV  
  164  11:27  SCV x2  
  164  11:31  Command Center  
  167  11:34  SCV  
  167  11:37  Command Center, Cyclone  
  167  11:39  Cyclone  
  174  11:41  Supply Depot  
  174  11:49  SCV  
  174  11:53  SCV  
  165  11:56  Siege Tank  
  154  12:09  Cyclone  
  154  12:10  Siege Tank  
  154  12:13  SCV  
  154  12:15  SCV, Cyclone  
  137  12:17  Cyclone  
  137  12:18  Hellion x3  
  137  12:19  Hellion  
  144  12:23  SCV  
  144  12:29  Cyclone  
  141  12:40  Hellion  
  141  12:41  Cyclone  
  141  12:42  Refinery, Starport, Cyclone  
  149  12:44  Starport  
  149  12:46  SCV  
  149  12:47  Siege Tank  
  149  12:48  Hellion x2  
  157  12:52  Hellion  
  159  12:59  SCV  
  159  13:00  Siege Tank, Sensor Tower  
  159  13:05  Cyclone  
  166  13:08  Refinery  
  166  13:09  Sensor Tower  
  166  13:11  Refinery  
  158  13:15  Terran Vehicle Weapons Level 3  
  158  13:16  SCV, Hellion x2  
  158  13:19  Command Center  
  163  13:20  Cyclone  
  163  13:25  Planetary Fortress  
  163  13:26  Hellion  
  165  13:31  Hellion  
  165  13:32  Starport Tech Lab  
  170  13:35  Orbital Command  
  170  13:37  Hellion  
  170  13:39  Starport Reactor  
  170  13:40  Fusion Core  
  170  13:41  Hellion  
  171  14:00  Liberator  
  174  14:05  Starport Reactor  
  182  14:11  Command Center  
  182  14:15  Thor x4  
  189  14:19  Liberator x2  
  187  14:35  Advanced Ballistics  
  193  14:39  Liberator  
  193  14:41  Cyclone  
  193  14:43  Command Center  
  191  15:03  Thor x3  
  198  15:20  Liberator, Hellion  
  198  15:21  Liberator  
  188  15:36  Thor  
  188  15:39  Cyclone  
  186  15:45  Thor  
  185  15:52  Liberator  
  185  15:56  Thor x2  
  164  16:04  Thor  
  164  16:05  Hellion  
  164  16:11  SCV, Hellion x2  
  169  16:12  SCV  
  169  16:17  Thor  
  144  16:32  SCV, Cyclone  
  141  16:33  Thor  
  142  16:48  Cyclone  
  142  16:51  Refinery  
  142  16:53  Orbital Command  
  145  17:03  Terran Ship Weapons Level 1  
  145  17:19  Siege Tank x2  
  145  17:20  Hellion  
  145  17:22  Hellion  
  155  17:37  Siege Tank x2, Hellion  
  161  17:41  Hellion  
  165  17:48  Liberator x2  
  165  17:53  Liberator  
  165  17:55  Orbital Command  
  165  17:58  Siege Tank, Engineering Bay  
  171  18:09  Refinery  
  171  18:10  Refinery  
  174  18:18  Cyclone  
  174  18:19  Hellion  
  179  18:23  Orbital Command, Engineering Bay  
  179  18:33  Liberator x2  
  179  18:35  Liberator  
  179  18:38  Siege Tank  
  182  18:43  Siege Tank  
  182  18:44  Hellion  
  187  19:01  Siege Tank  
  164  19:05  SCV, Hellion  
  164  19:06  Siege Tank, Hellion  
  145  19:12  Siege Tank  
  145  19:15  Siege Tank  
  145  19:16  Hellion  
  126  19:18  Siege Tank  
  119  19:25  Hellion  
  119  19:31  Hellion  
  115  19:33  Siege Tank  
  115  19:37  Siege Tank  
  101  19:39  Liberator  
  101  19:44  Siege Tank  
  97  19:46  Siege Tank  
  97  19:47  SCV  
  96  19:58  SCV  
  86  20:11  Liberator x2  
  86  20:12  Cyclone  
  83  20:25  Siege Tank  
  83  20:32  Hellion  
  83  20:33  Hellion  
  83  20:35  SCV  
  91  20:40  Hellion  
  95  20:50  Factory Tech Lab  
Tags
 
Add a new tag
Caveats
  • Supply blocks, unpowered buildings, or Contaminate may cause inaccurate times.
  • Supply counts are checked every 10 seconds.